 Dungeon Crawl Stone Soup version 0.28.0-43-g3370ac3207 (webtiles) character file.

Game seed: 9193725789446921819

11360 crimpus the Basher (level 11, -14/92 HPs)
             Began as a Demigod Fighter on Mar 15, 2022.
             Killed from afar by a wretched star (24 damage)
             ... with a lance of force
             ... on level 3 of the Abyss.
             The game lasted 00:25:05 (19064 turns).

crimpus the Basher (Demigod Fighter)               Turns: 19064, Time: 00:25:06

Health: -14/92     AC: 16    Str: 29    XL:     11   Next: 24%
Magic:  14/14      EV: 20    Int: 10    God:
Gold:   686        SH:  7    Dex: 22    Spells: 10/10 levels left

rFire   . . .      SeeInvis .   w - +3 mace (freeze)
rCold   . . .      Faith    .   c - +0 buckler
rNeg    + . .      Spirit   .   g - +6 leather armour "Bitzed" {rElec rN+ Dex+7}
rPois   .          Reflect  .   a - +0 hat
rElec   +          Harm     .   (no cloak)
rCorr   .          Rampage  .   p - +0 pair of gloves
Will    +....                   j - +0 pair of boots
Stlth   ++........              (no amulet)
HPRegen 0.25/turn               u - +4 ring of protection
MPRegen 0.14/turn               l - +4 ring of evasion

@: no status effects
A: high MP 1, forlorn, divine attributes, agile 1
a: no special abilities


You were on level 3 of the Abyss.
You visited 1 branch of the dungeon, and saw 14 of its levels.
You visited the Abyss 1 time.

You collected 686 gold pieces.

Inventory:

Hand Weapons
 w - a +3 mace of freezing (weapon)
Armour
 a - a +0 hat (worn)
 c - a +0 buckler (worn)
 g - the +6 leather armour "Bitzed" (worn) {rElec rN+ Dex+7}
   (You found it on level 3 of the Dungeon)

   Dex:       It affects your dexterity (+7).
   rElec:     It insulates you from electricity.
   rN:        It protects you from negative energy.
 i - +0 acid dragon scales
 j - a +0 pair of boots (worn)
 p - a +0 pair of gloves (worn)
 C - a +1 plate armour of willpower
Jewellery
 e - a ring of positive energy
 l - a +4 ring of evasion (right hand)
 o - a ring of protection from cold
 s - a ring of willpower
 t - a ring of ice
 u - a +4 ring of protection (left hand)
Wands
 d - a wand of flame (9)
 k - a wand of mindburst (4)
 y - a wand of acid (5)
 z - a wand of iceblast (11)
Scrolls
 b - a scroll of noise
 m - a scroll of vulnerability
 q - 3 scrolls of identify (quivered)
Potions
 f - a potion of curing
 r - 4 potions of ambrosia
 v - a potion of attraction


   Skills:
 + Level 7.1 Fighting
 + Level 10.6 Maces & Flails
 + Level 7.2 Armour
 + Level 6.4 Dodging
 + Level 7.1 Shields
 + Level 1.2 Evocations


You had 10 spell levels left.
You didn't know any spells.
Your spell library contained the following spells:

 Spells                   Type           Power      Damage    Failure   Level
 Apportation              Tloc           0%         N/A       45%         1
 Scorch                   Fire           0%         2d5       61%         2
 Static Discharge         Conj/Air       0%         N/A       61%         2
 Dispel Undead            Necr           0%         3d6       99%         4
 Flame Wave               Conj/Fire      0%         2d4       99%         4
 Sticky Flame             Conj/Fire      0%         2d3       99%         4
 Summon Ice Beast         Ice/Summ       0%         N/A       99%         4
 Alistair's Intoxication  Tmut/Pois      0%         N/A       100%        5
 Summon Mana Viper        Hex/Summ       0%         N/A       100%        5
 Conjure Ball Lightning   Conj/Air       0%         3x3d6     100%        6
 Summon Cactus Giant      Summ           0%         N/A       100%        6
 Monstrous Menagerie      Summ           0%         N/A       100%        7
 Discord                  Hex            0%         N/A       100%        8
 Disjunction              Tloc           0%         N/A       100%        8


Dungeon Overview and Level Annotations

Branches:
Dungeon (14/15)            Temple (0/1) D:6            Lair (0/6) D:9
    Orc: D:9-12      Vaults: D:13-14

Shops:
D:1 ?   D:10 [

Annotations:
D:6 1 runed translucent door, vvl's ghost, novice OpVM
D:8 2 transporters, DemonSlayer's ghost, novice DEFE


Innate Abilities, Weirdness & Mutations

You have an increased reservoir of magic. (+10% MP)
You shall have no god before yourself.
Your divine heritage dramatically boosts your attributes as you level up.
You are agile. (Dex +2)


Message History

You feel less confused. The worldbinder closely misses you.
You block the worldbinder's attack. The wolf spider closely misses you.
The wolf spider misses you. The large abomination hits you!!
* * * LOW HITPOINT WARNING * * *
You sock the large abomination! You freeze the large abomination.
The large abomination is severely damaged.
The worldbinder completely misses you. x2; The wolf spider closely misses you.
The wolf spider barely misses you.
You completely miss the large abomination.
The large abomination is severely damaged.
You block the worldbinder's attack. The worldbinder misses you.
The wolf spider misses you.
The wolf spider bites you but does no damage.
The large abomination misses you. The wolf spider hits you!
* * * LOW HITPOINT WARNING * * *
The wolf spider completely misses you. You block the worldbinder's attack.
The worldbinder misses you.
You hit the large abomination. You freeze the large abomination.
The large abomination is almost destroyed.
You block the wolf spider's attack. The wolf spider completely misses you.
The worldbinder hits you but does no damage.
The worldbinder completely misses you.
You block the large abomination's attack.
You hit the large abomination but do no damage.
The large abomination is almost destroyed.
The orb spider disappears in a puff of smoke!
The wolf spider closely misses you.
The wolf spider bites you but does no damage.
The worldbinder calls forth creatures from the Spider Nest!
The wolf spider completely misses you. The wolf spider barely misses you.
Sorry, you're not good enough to have a special ability.
You sock the large abomination! You freeze the large abomination.
You destroy the large abomination!
That felt strangely unrewarding.
The wolf spider disappears in a puff of smoke!
The worldbinder misses you. x2
The wretched star glows turbulently.
The lance of force hits you!!
You die...

.## . #. # .
# # #. .#
##.###. # #
.... .#.#..
. #.#.
.....# ..###
#..§# ...#..
. .
#.#..§...###
.# #*.§##s##
# # #@x#
###. #
#.##.# ..
#..#.. .. #
##.† . . .#
##.. . .#
..#.# #. ..
#.. .## #
#.# . . ...
... . .... #
... .


You could see a wretched star, a worldbinder and a tarantella (summoned).

Vanquished Creatures
  3 two-headed ogres
  A manticore (D:13)
  A gargoyle (D:9)
  2 large abominations (Abyss:3)
  A queen bee (D:9)
  2 trolls (D:10)
  4 raiju (Abyss:3)
  A hornet (D:10)
  6 yaks
  Sigmund (D:3)
  A vampire (D:13)
  A wraith (D:12)
  2 steam dragons
  A small abomination (Abyss:3)
  Menkaure (D:7)
  2 acid dragons
  6 water moccasins
  2 ice beasts
  3 orc warriors
  4 sky beasts
  3 black bears
  2 centaurs
  An ogre (D:7)
  A phantom (D:4)
  3 kobold brigands
  8 bullfrogs
  A wyvern zombie (D:7)
  3 scorpions
  A water moccasin skeleton (D:5)
  30 killer bees
  7 wights
  A jelly (D:8)
  3 centaur zombies
  5 orc priests
  5 hounds
  4 iguanas
  5 orc wizards
  A scorpion zombie (D:5)
  A hound skeleton (D:4)
  A howler monkey skeleton (D:6)
  7 adders
  An adder skeleton (D:5)
  2 worms
  5 dart slugs
  13 orcs
  6 ball pythons
  5 endoplasms
  4 giant cockroaches
  7 goblins
  4 hobgoblins
  4 jackals (D:1)
  39 kobolds
  5 quokkas
  8 bats
  6 frilled lizards
  4 rats
251 creatures vanquished.

Vanquished Creatures (collateral kills)
  A phantasmal warrior (D:13)
1 creature vanquished.

Vanquished Creatures (others)
  41 fungi (D:9)
  A lurking horror (Abyss:3)
  138 plants
180 creatures vanquished.

Grand Total: 432 creatures vanquished

Notes
Turn   | Place    | Note
-------+----------+-------------------------------------------
     0 | D:1      | crimpus the Demigod Fighter began the quest for the Orb.
     0 | D:1      | Reached XP level 1. HP: 18/18 MP: 3/3
   249 | D:1      | Reached skill level 2 in Maces & Flails
   255 | D:1      | Reached XP level 2. HP: 14/25 MP: 4/4
   650 | D:1      | Found Seoton's Magic Scroll Shoppe.
   737 | D:1      | Reached XP level 3. HP: 16/30 MP: 5/5
  2542 | D:2      | Reached skill level 3 in Maces & Flails
  2542 | D:2      | Reached XP level 4. HP: 33/38 MP: 6/6
  4271 | D:3      | Reached XP level 5. HP: 36/45 MP: 7/7
  4809 | D:3      | Noticed a sky beast
  4822 | D:3      | Killed a sky beast
  4823 | D:3      | Reached skill level 4 in Maces & Flails
  5786 | D:3      | Noticed Sigmund
  5859 | D:4      | Found a transporter.
  5880 | D:4      | Found a transporter.
  5902 | D:4      | Reached XP level 6. HP: 48/49 MP: 8/8
  6876 | D:5      | Entered Level 5 of the Dungeon
  7172 | D:5      | Reached skill level 5 in Maces & Flails
  7172 | D:5      | Reached XP level 7. HP: 54/58 MP: 9/9
  7937 | D:6      | Reached skill level 6 in Maces & Flails
  7937 | D:6      | Reached skill level 5 in Armour
  8222 | D:6      | Reached XP level 8. HP: 57/67 MP: 10/10
  8623 | D:6      | Found a runed translucent door.
  8623 | D:6      | Noticed vvl's ghost (novice OpVM)
  8752 | D:6      | Reached skill level 7 in Maces & Flails
  9160 | D:6      | Found a staircase to the Ecumenical Temple.
  9222 | D:6      | Reached skill level 5 in Fighting
  9851 | D:3      | Killed Sigmund
 10081 | D:3      | Identified the +6 leather armour "Bitzed" {rElec rN+ Dex+7}
 11181 | D:7      | Noticed Menkaure
 11200 | D:7      | Killed Menkaure
 11201 | D:7      | Reached skill level 8 in Maces & Flails
 11201 | D:7      | Reached XP level 9. HP: 21/74 MP: 11/11
 11849 | D:7      | Reached skill level 1 in Dodging
 12784 | D:8      | Found a transporter.
 12785 | D:8      | Noticed DemonSlayer's ghost (novice DEFE)
 12790 | D:8      | Noticed a moth of wrath
 12799 | D:8      | Found a transporter.
 13621 | D:8      | Noticed a two-headed ogre
 13730 | D:9      | Noticed a two-headed ogre
 13895 | D:8      | Reached skill level 9 in Maces & Flails
 14136 | D:8      | Killed a two-headed ogre
 14137 | D:8      | Reached skill level 5 in Shields
 14486 | D:9      | Reached XP level 10. HP: 66/83 MP: 13/13
 14542 | D:8      | Reached skill level 1 in Evocations
 14676 | D:9      | Noticed a two-headed ogre
 14946 | D:10     | Entered Level 10 of the Dungeon
 15381 | D:9      | Gained mutation: You are agile. (Dex +2) [potion of
                  | mutation]
 15388 | D:9      | Killed a two-headed ogre
 15389 | D:9      | Reached skill level 5 in Dodging
 15458 | D:9      | Killed a two-headed ogre
 15459 | D:9      | Reached skill level 10 in Maces & Flails
 15666 | D:9      | Found a staircase to the Lair.
 16284 | D:10     | Reached XP level 11. HP: 82/91 MP: 14/14
 17205 | D:10     | Found Erhyoh's Antique Armour Shop.
 17356 | D:11     | You fall into a shaft and drop 1 floor!
 17356 | D:12     | Noticed a skeletal warrior
 17356 | D:12     | Noticed a skeletal warrior
 17356 | D:12     | Noticed a skeletal warrior
 17356 | D:12     | Noticed a skeletal warrior
 17779 | D:12     | Noticed a boulder beetle
 17779 | D:12     | Noticed a phantasmal warrior
 17781 | D:12     | Noticed a death knight
 18144 | D:13     | Noticed a death knight
 18144 | D:13     | Noticed a phantasmal warrior
 18468 | D:13     | Killed a phantasmal warrior
 18798 | D:13     | Noticed a centaur warrior
 18810 | D:14     | Noticed a wizard
 18810 | D:14     | Noticed a centaur warrior
 18811 | D:14     | Cast into level 3 of the Abyss (a wizard)
 19052 | Abyss:3  | Noticed a wretched star
 19054 | Abyss:3  | Noticed an orb spider
 19057 | Abyss:3  | Noticed an orb spider
 19064 | Abyss:3  | Killed from afar by a wretched star

Illustrated notes

Levels and vault maps discovered:
D:1:      eino_arrival_cavern_a, layout_basic,
          hellmonk_ecumenical_altar_defaced_shrine, serial_shops, shop,
          st_stairs_4, hangedman_decor_growths
D:2:      layout_loops_ring, minmay_split_cup_small
D:3:      layout_basic, serial_corexii_hall, chequers_hall_statues_y,
          chequers_hall_statues_y, uniq_sigmund
D:4:      gammafunk_wand_slinger, layout_basic, palyth_stone_intersect
D:5:      kennysheep_kobold_camp, layout_basic
D:6:      layout_loops_cross, amcnicky_altar_gilded, overflow_temple_1_default,
          kennysheep_mini_moat, minmay_temple_entry_glassed_door,
          hellmonk_ghost_happy_afterlife
D:7:      layout_cave_pools, lemuel_coloured_pillars_altar, uniq_menkaure
D:8:      hellmonk_crumbling_castle, layout_cave_pods, xom_teletrap_fun,
          lemuel_crystal_altar, mainiacjoe_overflow_catch_the_wave,
          gammafunk_ghost_berserking_beasts, eino_small_chamber_without_monster
D:9:      layout_roguey [special_room_bee], beargit_hepliaklqana_dungeon_heroes,
          due_lair_maze_entry_diamond, enter_bailey_6
D:10:     layout_loops_ring, lemuel_doored_altar, serial_shops,
          kennysheep_little_box
D:11:     layout_basic
D:12:     layout_stronghold, orc_0_dummy, trog_three_pillars_becter
D:13:     layout_cave_pools, david_vaults_5, nzn_wu_jian_council_hall
D:14:     layout_roguey, minmay_stone_trees_small, uniq_kirke, uniq_josephine,
          uniq_nessos
Abyss:3:  base:
Temple

Skill      XL: |  1  2  3  4  5  6  7  8  9 10 11 |
---------------+----------------------------------+-----
Maces & Flails | 2 3 4 5 6 8 9 10 | 10.6
Armour         | 3 4 5 6 7 |  7.2
Shields        | 3 4 5 6 7 |  7.1
Fighting       | 3 4 5 6 7 |  7.1
Dodging        | 3 5 6 |  6.4
Evocations     | 1 |  1.2

Action                   |  1- 3 |  4- 6 |  7- 9 | 10-12 || total
-------------------------+-------+-------+-------+-------++-------
Melee: Flail             |   154 |   116 |   158 |       ||   428
       Mace              |     6 |    83 |   244 |   421 ||   754
Evoke: Wand              |       |       |     7 |       ||     7
  Use: Scroll            |     3 |     3 |    10 |     7 ||    23
       Potion            |     1 |     7 |     5 |    11 ||    24
 Stab: Sleeping          |       |       |       |     1 ||     1
       Invisible         |       |       |       |     4 ||     4
Armor: Scale mail        |    89 |    80 |    47 |       ||   216
       Skin              |       |     6 |     4 |       ||    10
       Leather armour    |       |       |    67 |   152 ||   219
Dodge: Dodged            |    81 |    76 |   285 |   493 ||   935
Block: Buckler           |    49 |    41 |   104 |   212 ||   406
